[Event "Titled Tuesday Blitz July 25 Early 2023"]
[White "Bacrot, Etienne"]
[Black "Koshulyan, Egor A."]
[WhiteFideId "605506"]
[BlackFideId "24237000"]
[WhiteElo "2863"]
[BlackElo "2681"]
[Result "1-0"]
[Round "3"]
[TimeControl "180+2"]
[Date "2023.07.25"]
[WhiteClock "0:00:09"]
[BlackClock "0:00:07"]
[Board "33"]

1. e4 c5 2. Nf3 Nc6 3. Bb5 g5 4. Nxg5 Nf6 5. Bxc6 dxc6 6. d3 Rg8 7. e5 h6 8. exf6 hxg5 9. fxe7 Bxe7 10. Nc3 Be6 11. Be3 Qb6 12. Qd2 O-O-O 13. Na4 Qb5 14. b3 c4 15. O-O cxd3 16. cxd3 Rh8 17. Bxa7 Rxd3 18. Qb2 Rdd8 19. Rad1 Rh4 20. Nb6+ Kc7 21. Rxd8 Bxd8 22. Rd1 Qa5 23. g3 Qxa7 24. Qe5+ Kxb6 25. gxh4 Be7 26. hxg5 Qxa2 27. g6 Qc2 28. Qd4+ Bc5 29. Qd8+ Kb5 30. Qd3+ Qxd3 31. Rxd3 fxg6 32. Rg3 Bf5 33. h4 Kb4 34. Rf3 b5 35. h5 Bd4 36. h6 c5 37. h7 Ka3 38. b4+ Ka2 39. bxc5 b4 40. c6 b3 41. Rf4 b2 42. Rxd4 b1=Q+ 43. Kg2 Qb8 44. c7 Qc8 45. Rd8 Be4+ 46. Kg1 Qg4+ 47. Kf1 Qg2+ 48. Ke2 Qg1 49. c8=Q Qg4+ 50. Kd2 Qf4+ 51. Kc3 Qc1+ 52. Kd4 Qd2+ 53. Kxe4 Qe2+ 54. Kd5 Qf3+ 55. Ke5 Qe3+ 56. Kf6 Qxf2+ 57. Kg7 Qb2+ 58. Kg8 Qb3+ 59. Kf8 Qb4+ 60. Ke8 Qe4+ 61. Kd7 Qd5+ 62. Kc7 Qc5+ 63. Kb8 Qb6+ 64. Ka8 Qa5+ 65. Kb7 Qb5+ 66. Kc7 Qc5+ 67. Kd7 Qd5+ 68. Ke7 Qg5+ 69. Kf7 Qf4+ 70. Kg8 1-0


[Site "https://www.chess.com"]

[Event "Titled Tuesday Blitz July 25 Early 2023"]
[White "KhalilMousavi98"]
[Black "Rendle, Thomas E"]
[BlackFideId "408760"]
[WhiteElo "2855"]
[BlackElo "2680"]
[Result "1-0"]
[Round "3"]
[TimeControl "180+2"]
[Date "2023.07.25"]
[WhiteClock "0:00:12"]
[BlackClock "0:00:07"]
[Board "34"]

1. e4 e6 2. d4 d5 3. Nc3 Nf6 4. e5 Nfd7 5. f4 c5 6. Nf3 Nc6 7. Be3 Be7 8. a3 O-O 9. dxc5 b6 10. Bb5 Bb7 11. cxb6 axb6 12. O-O Rc8 13. Kh1 Nc5 14. Bxc6 Bxc6 15. Nd4 Bb7 16. f5 Bg5 17. Qd2 Bxe3 18. Qxe3 exf5 19. Nxf5 d4 20. Nxd4 Qh4 21. Nf5 Qg4 22. Qg3 Qxg3 23. hxg3 Rc7 24. Rad1 Ne4 25. Nxe4 Bxe4 26. c3 h6 27. Rd4 Bc2 28. Rg4 g6 29. Nxh6+ Kh7 30. Rh4 Kg7 31. Ng4 Re7 32. Ne3 Bb3 33. Re4 Rfe8 34. Rb4 Rxe5 35. Rxb3 Rxe3 36. Rxb6 Rxg3 37. Rb7 Rf8 38. a4 Rd3 39. a5 g5 40. a6 Kg6 41. a7 Rdd8 42. c4 Rc8 43. c5 1-0


[Site "https://www.chess.com"]

[Event "Titled Tuesday Blitz July 25 Early 2023"]
[White "Ilamparthi A R"]
[Black "Antal, Gergely"]
[WhiteFideId "45015775"]
[BlackFideId "717312"]
[WhiteElo "2853"]
[BlackElo "2678"]
[Result "1-0"]
[Round "3"]
[TimeControl "180+2"]
[Date "2023.07.25"]
[WhiteClock "0:00:48"]
[BlackClock "0:00:06"]
[Board "35"]

1. e4 c6 2. d3 d5 3. Nd2 e5 4. Ngf3 Bd6 5. d4 exd4 6. exd5 cxd5 7. Nxd4 Nf6 8. Bb5+ Bd7 9. Qe2+ Qe7 10. Bxd7+ Nbxd7 11. Nf5 Qxe2+ 12. Kxe2 Bf8 13. Re1 O-O-O 14. Kf1 g6 15. Nd4 Bg7 16. N2f3 Ne4 17. Bf4 a6 18. c4 Bxd4 19. Nxd4 g5 20. Be3 dxc4 21. Rac1 b5 22. a4 c3 23. axb5 Ndc5 24. f3 cxb2 25. Rc2 Kb7 26. bxa6+ Kxa6 27. fxe4 Nd3 28. Rb1 Rc8 29. Ke2 Rxc2+ 30. Nxc2 Rd8 31. Nd4 Ne5 32. Rxb2 Ng4 33. h3 Ne5 34. Nc6 Nxc6 35. Rb6+ Ka5 36. Rxc6 Re8 37. Kf3 Kb5 38. Rc5+ Kb4 39. Rxg5 Kc4 40. Rf5 Kd3 41. Rxf7 h5 42. Rf5 h4 43. Rd5+ Kc2 44. Bf4 Rg8 45. e5 Kc3 46. e6 Kc4 47. Re5 Re8 48. e7 Kd4 49. Kg4 Kd3 50. Kf5 Kd4 51. Kf6 1-0


[Site "https://www.chess.com"]

[Event "Titled Tuesday Blitz July 25 Early 2023"]
[White "Vitiugov, Nikita"]
[Black "Weetik, Vjacheslav"]
[WhiteFideId "4152956"]
[BlackFideId "4153472"]
[WhiteElo "2852"]
[BlackElo "2676"]
[Result "0-1"]
[Round "3"]
[TimeControl "180+2"]
[Date "2023.07.25"]
[WhiteClock "0:00:08"]
[BlackClock "0:00:06"]
[Board "36"]

1. e4 c6 2. d4 d5 3. f3 dxe4 4. fxe4 e5 5. Nf3 Bg4 6. c3 Nd7 7. Be2 Bd6 8. Nbd2 Bc7 9. Nc4 Ngf6 10. Bg5 h6 11. Bxf6 gxf6 12. O-O Qe7 13. Nh4 Be6 14. Ne3 O-O-O 15. Nhf5 Qf8 16. Kh1 exd4 17. cxd4 Nb6 18. Qc2 Kb8 19. a3 h5 20. b4 h4 21. Bf3 h3 22. g3 a6 23. Rac1 Rc8 24. Rfd1 Qg8 25. a4 Qg5 26. a5 Nd7 27. Qf2 Nf8 28. Rc5 Nd7 29. Rc3 Nf8 30. Rb1 Ng6 31. Rc5 Rcd8 32. Bd1 Nf8 33. Ba4 Nd7 34. Rc3 Rhe8 35. Qf3 Ka7 36. Rbc1 Nb8 37. Qf2 Ka8 38. Bd1 Bc8 39. Bf3 Rd7 40. d5 Red8 41. dxc6 Nxc6 42. Nd5 Be5 43. Rc5 Kb8 44. b5 axb5 45. Rxb5 Qxc1+ 0-1


[Site "https://www.chess.com"]

[Event "Titled Tuesday Blitz July 25 Early 2023"]
[White "Oro, Faustino"]
[Black "Manelyuk, Daniil"]
[WhiteFideId "20000197"]
[BlackFideId "44173920"]
[WhiteElo "2852"]
[BlackElo "2657"]
[Result "1-0"]
[Round "3"]
[TimeControl "180+2"]
[Date "2023.07.25"]
[WhiteClock "0:00:06"]
[BlackClock "0:00:04"]
[Board "37"]

1. e4 c6 2. Nf3 d5 3. Nc3 dxe4 4. Nxe4 Nf6 5. Qe2 Nxe4 6. Qxe4 Qd5 7. Qh4 Qe6+ 8. Be2 Qg4 9. Qg3 Qxg3 10. hxg3 Nd7 11. d4 Nf6 12. Be3 Bf5 13. c3 e6 14. Ne5 h6 15. g4 Bh7 16. g5 hxg5 17. Bxg5 Bd6 18. O-O-O Ke7 19. g4 c5 20. Nc4 Bc7 21. dxc5 Be4 22. f3 Bd5 23. Ne3 Bc6 24. b4 a6 25. Kb2 Ba4 26. Rde1 Rad8 27. Nc4 Bb5 28. Kb3 Rxh1 29. Rxh1 Rd5 30. Be3 Rd8 31. a4 Bxc4+ 32. Bxc4 Nd5 33. Bd4 e5 34. Bf2 Nf4 35. Kc2 Kf6 36. Bh4+ g5 37. Bf2 Ne6 38. Be3 e4 39. fxe4 Bf4 40. Bxe6 fxe6 41. Bxf4 gxf4 42. Rd1 Rf8 43. Rd7 Ke5 44. Kd2 Kxe4 45. Ke2 e5 46. Rxb7 Rh8 47. Re7 Rh2+ 48. Ke1 f3 49. c6 f2+ 50. Ke2 Rh3 51. Kxf2 Rxc3 52. b5 axb5 53. axb5 Kd5 54. c7 Kd6 55. Rf7 e4 56. b6 Ke6 57. Rg7 Kf6 58. Rh7 Kg6 59. Rd7 Kg5 60. b7 Kf4 61. Rf7+ Kxg4 62. c8=Q+ Rxc8 63. bxc8=Q+ 1-0


[Site "https://www.chess.com"]

[Event "Titled Tuesday Blitz July 25 Early 2023"]
[White "Gold_Ocean"]
[Black "Donchenko, Alexander"]
[BlackFideId "24603295"]
[WhiteElo "2635"]
[BlackElo "2845"]
[Result "1-0"]
[Round "3"]
[TimeControl "180+2"]
[Date "2023.07.25"]
[WhiteClock "0:01:25"]
[BlackClock "0:00:15"]
[Board "38"]

1. Nf3 Nf6 2. c4 e6 3. g3 b6 4. Bg2 Bb7 5. O-O c5 6. Nc3 Be7 7. d3 O-O 8. e4 Nc6 9. e5 Ne8 10. Re1 d6 11. Bf4 Rc8 12. exd6 Bxd6 13. Qd2 Bxf4 14. Qxf4 Nb4 15. Re2 Nxd3 16. Qe3 Nb4 17. Rd1 Qc7 18. Nb5 Qe7 19. Ne5 Bxg2 20. Kxg2 a6 21. Rd7 Qf6 22. Na7 Ra8 23. b3 Nd6 24. Rxd6 Rxa7 25. a3 Qe7 26. Rxb6 Qc7 27. Nd7 Qxd7 28. axb4 cxb4 29. Rxb4 Rb7 30. Rb6 Rfb8 31. Rxa6 Rxb3 32. Qxb3 Qc8 33. Rb6 1-0


[Site "https://www.chess.com"]

[Event "Titled Tuesday Blitz July 25 Early 2023"]
[White "Salinas Herrera, Pablo"]
[Black "Khusenkhojaev, Muhammad"]
[WhiteFideId "3407128"]
[BlackFideId "14700247"]
[WhiteElo "2843"]
[BlackElo "2634"]
[Result "1-0"]
[Round "3"]
[TimeControl "180+2"]
[Date "2023.07.25"]
[WhiteClock "0:02:08"]
[BlackClock "0:01:19"]
[Board "39"]

1. d4 Nf6 2. Nf3 g6 3. Nbd2 Bg7 4. e4 d6 5. Bb5+ c6 6. Bd3 O-O 7. O-O Bg4 8. h3 Bxf3 9. Nxf3 Nbd7 10. e5 Nd5 11. exd6 exd6 12. c3 b5 13. Re1 a5 14. Bg5 Qc7 15. Qd2 a4 16. Rac1 a3 17. b3 Qa5 18. c4 bxc4 19. bxc4 Nb4 20. Bb1 d5 21. Be7 Rfb8 22. Bd6 Rb7 23. Re7 Bf8 24. Bxb4 Rxb4 25. Rxd7 dxc4 26. Qf4 1-0


[Site "https://www.chess.com"]

[Event "Titled Tuesday Blitz July 25 Early 2023"]
[White "Nurgaliyeva, Zarina"]
[Black "Kezin, Roman"]
[WhiteFideId "13730096"]
[BlackFideId "24124621"]
[WhiteElo "2612"]
[BlackElo "2830"]
[Result "0-1"]
[Round "3"]
[TimeControl "180+2"]
[Date "2023.07.25"]
[WhiteClock "0:01:03"]
[BlackClock "0:01:24"]
[Board "40"]

1. e4 g6 2. d4 Nf6 3. Nc3 d6 4. Bg5 Bg7 5. Qd2 h6 6. Bf4 Nc6 7. h3 Nxd4 8. Qxd4 e5 9. Bxe5 dxe5 10. Qxe5+ Be6 11. Qb5+ c6 12. Qd3 Qa5 13. Ne2 O-O 14. g4 Rad8 15. Qe3 Nxe4 16. Bg2 Nxc3 17. Nxc3 Bc4 18. Rd1 Rde8 19. Be4 f5 20. gxf5 gxf5 21. Rg1 Rxe4 22. Rd7 Rxe3+ 23. fxe3 Rf7 0-1


[Site "https://www.chess.com"]

[Event "Titled Tuesday Blitz July 25 Early 2023"]
[White "Bachmann, Axel"]
[Black "ArtemDyachuk"]
[WhiteFideId "3700488"]
[WhiteElo "2830"]
[BlackElo "2590"]
[Result "0-1"]
[Round "3"]
[TimeControl "180+2"]
[Date "2023.07.25"]
[WhiteClock "0:00:06"]
[BlackClock "0:00:04"]
[Board "41"]

1. e4 c6 2. d4 d5 3. exd5 cxd5 4. Bd3 Nc6 5. c3 Qc7 6. Ne2 e6 7. Bf4 Bd6 8. Bxd6 Qxd6 9. O-O Nge7 10. Nd2 Bd7 11. f4 O-O-O 12. Nf3 f6 13. b4 Ng6 14. Qd2 Nce7 15. b5 Kb8 16. a4 Rc8 17. Rfc1 Rc7 18. c4 dxc4 19. Rxc4 Rhc8 20. Rxc7 Rxc7 21. h3 Nd5 22. Bxg6 hxg6 23. Rc1 Rxc1+ 24. Qxc1 Qb4 25. Qc2 Be8 26. Kf2 Nb6 27. Qe4 Qxa4 28. Qxe6 Qxb5 29. Qd6+ Kc8 30. Qf8 Qd7 31. Nc3 Qf7 32. Qa3 a6 33. Ne4 Kb8 34. Qd6+ Ka7 35. Qc5 Qd5 36. Nd6 Qc6 37. Nd2 Bd7 38. Qb4 Nd5 39. Qa3 Nxf4 40. Nf3 Qc2+ 41. Kg3 Ne2+ 42. Kh2 Qc7 43. Qc5+ Qxc5 44. dxc5 Bc6 45. Nd4 Nxd4 46. Nc8+ Kb8 47. Nd6 a5 48. Nc4 a4 49. Kg3 Nc2 50. Kf4 a3 0-1


[Site "https://www.chess.com"]

[Event "Titled Tuesday Blitz July 25 Early 2023"]
[White "Mitrabha, Guha"]
[Black "Ozates, Tuna"]
[WhiteFideId "5057000"]
[BlackFideId "6354521"]
[WhiteElo "2828"]
[BlackElo "2573"]
[Result "0-1"]
[Round "3"]
[TimeControl "180+2"]
[Date "2023.07.25"]
[WhiteClock "0:01:13"]
[BlackClock "0:01:27"]
[Board "42"]

1. d4 Nf6 2. c4 e6 3. g3 Bb4+ 4. Nd2 O-O 5. Bg2 d5 6. Nf3 b6 7. O-O Bb7 8. Ne5 Nbd7 9. Qa4 Bxd2 10. Bxd2 Nxe5 11. dxe5 Nd7 12. f4 Nc5 13. Qc2 dxc4 14. Bxb7 Nxb7 15. Rad1 Qe7 16. Qxc4 Rfd8 17. e4 Qc5+ 18. Qxc5 Nxc5 19. Be3 Nxe4 20. Kg2 c5 21. Kf3 f5 22. exf6 Nxf6 23. g4 Kf7 24. h4 h5 25. g5 Ng4 26. Ke4 g6 27. Bg1 Ke7 28. Rfe1 Rxd1 29. Rxd1 Rd8 30. Rxd8 Kxd8 31. b3 Kd7 32. a4 Kd6 33. a5 Kc6 34. axb6 axb6 35. Kd3 Kd5 36. b4 c4+ 0-1


[Site "https://www.chess.com"]

[Event "Titled Tuesday Blitz July 25 Early 2023"]
[White "Yaran, Siar"]
[Black "Kravtsiv, Martyn"]
[WhiteFideId "6323006"]
[BlackFideId "14113147"]
[WhiteElo "2571"]
[BlackElo "2823"]
[Result "0-1"]
[Round "3"]
[TimeControl "180+2"]
[Date "2023.07.25"]
[WhiteClock "0:00:17"]
[BlackClock "0:00:12"]
[Board "43"]

1. d4 d5 2. c4 e6 3. Nc3 Nf6 4. Bg5 Nbd7 5. e3 Bb4 6. Nf3 c5 7. Bd3 Qa5 8. O-O cxd4 9. exd4 dxc4 10. Bxc4 O-O 11. Qd3 h6 12. Bd2 Nb6 13. Bb3 Nbd5 14. a3 Bxc3 15. bxc3 Qc7 16. c4 Nf4 17. Qe3 Ng6 18. Ne5 Nxe5 19. dxe5 Nd7 20. Bb4 Qxe5 21. Qxe5 Nxe5 22. Bxf8 Kxf8 23. Rad1 Ke7 24. f4 Nd7 25. f5 Nc5 26. Bc2 b6 27. Rfe1 Ba6 28. Rd4 Rc8 29. Kf2 Kf6 30. g4 Rc7 31. Kg3 Nd7 32. fxe6 fxe6 33. Rf4+ Ke7 34. Bg6 Nf6 35. h4 Rxc4 36. Rxc4 Bxc4 37. g5 hxg5 38. hxg5 Nd5 39. Rh1 e5 40. Rh7 Nf4 41. Rxg7+ Kf8 42. Rf7+ Bxf7 0-1


[Site "https://www.chess.com"]

[Event "Titled Tuesday Blitz July 25 Early 2023"]
[White "Cordova, Emilio"]
[Black "vishwa_vijeta"]
[WhiteFideId "3801497"]
[WhiteElo "2822"]
[BlackElo "2558"]
[Result "1-0"]
[Round "3"]
[TimeControl "180+2"]
[Date "2023.07.25"]
[WhiteClock "0:02:24"]
[BlackClock "0:00:49"]
[Board "44"]

1. Nf3 c5 2. e3 d5 3. c4 d4 4. exd4 cxd4 5. d3 Nc6 6. g3 e6 7. Bg2 Nf6 8. O-O Be7 9. Re1 O-O 10. a3 a5 11. Bg5 Nd7 12. Bxe7 Qxe7 13. Nbd2 Nc5 14. Nb3 Rd8 15. Ne5 Nxb3 16. Qxb3 Qc7 17. Qb5 Nxe5 18. Qxe5 Qb6 19. b4 axb4 20. axb4 Rxa1 21. Rxa1 f6 22. Qc5 Qxc5 23. bxc5 e5 24. Ra8 Rf8 25. Bd5+ Kh8 26. Bxb7 1-0


[Site "https://www.chess.com"]

[Event "Titled Tuesday Blitz July 25 Early 2023"]
[White "Richter, Paul"]
[Black "Gharibyan, Mamikon"]
[WhiteFideId "2046350"]
[BlackFideId "13308300"]
[WhiteElo "2544"]
[BlackElo "2820"]
[Result "1-0"]
[Round "3"]
[TimeControl "180+2"]
[Date "2023.07.25"]
[WhiteClock "0:00:07"]
[BlackClock "0:00:09"]
[Board "45"]

1. e4 e5 2. Nf3 Nc6 3. Bb5 a6 4. Ba4 Nf6 5. d3 b5 6. Bb3 Bc5 7. O-O d6 8. c3 O-O 9. Nbd2 h6 10. Re1 Bb6 11. Nf1 Ne7 12. Ng3 Ng6 13. h3 Re8 14. a3 c6 15. d4 Qc7 16. dxe5 dxe5 17. Nf5 Bxf5 18. exf5 Nf4 19. Bxf4 exf4 20. Qc2 Rad8 21. Kf1 c5 22. c4 Rxe1+ 23. Rxe1 Ba5 24. Rd1 Re8 25. Rc1 Ne4 26. cxb5 axb5 27. Bd5 Nf6 28. Qxc5 Qd7 29. Ba2 Qd3+ 30. Kg1 Qe2 31. Qc2 Qe7 32. Qb3 Qa7 33. Qxb5 Bb6 34. Rc2 Ne4 35. Qxe8+ Kh7 36. Qxe4 1-0


[Site "https://www.chess.com"]

[Event "Titled Tuesday Blitz July 25 Early 2023"]
[White "Plotkin, Mark"]
[Black "Garakov, Mikhael"]
[WhiteFideId "2611651"]
[BlackFideId "4169034"]
[WhiteElo "2816"]
[BlackElo "2538"]
[Result "1-0"]
[Round "3"]
[TimeControl "180+2"]
[Date "2023.07.25"]
[WhiteClock "0:01:43"]
[BlackClock "0:00:16"]
[Board "46"]

1. c4 Nf6 2. Nf3 c5 3. Nc3 b6 4. d4 cxd4 5. Nxd4 Bb7 6. f3 d6 7. e4 e6 8. Be3 Be7 9. Be2 O-O 10. O-O a6 11. Qd2 Nbd7 12. Rfd1 Rc8 13. Rac1 Qc7 14. Qe1 Rfe8 15. g4 h6 16. h4 Nh7 17. Qg3 Qd8 18. h5 Ne5 19. b3 Nc6 20. Na4 Rb8 21. Qf2 Bh4 22. Qh2 Nxd4 23. Rxd4 Bc6 24. Rxd6 1-0


[Site "https://www.chess.com"]

[Event "Titled Tuesday Blitz July 25 Early 2023"]
[White "Ashraf, Artin"]
[Black "Tokman, Ariel"]
[WhiteFideId "22514805"]
[BlackFideId "117420"]
[WhiteElo "2802"]
[BlackElo "2529"]
[Result "1-0"]
[Round "3"]
[TimeControl "180+2"]
[Date "2023.07.25"]
[WhiteClock "0:00:03"]
[BlackClock "0:00:01"]
[Board "47"]

1. Nf3 d5 2. c4 c6 3. e3 Nf6 4. Nc3 Bg4 5. Qb3 Qb6 6. Qxb6 axb6 7. cxd5 Bxf3 8. gxf3 Nxd5 9. Nxd5 cxd5 10. d4 e6 11. Bd2 Nc6 12. Bb5 Bd6 13. Ke2 Ke7 14. h4 h5 15. a3 Na5 16. Bc3 Rhc8 17. Kd3 Nc4 18. e4 g6 19. e5 Bc7 20. b3 Na5 21. Bb4+ Kd8 22. Bd2 Ke7 23. Rab1 Nc6 24. Ke3 Kd7 25. a4 Bd8 26. Rbc1 Be7 27. Kd3 Kd8 28. Ke3 Na5 29. Rb1 Rc2 30. Kd3 Rac8 31. b4 Rxd2+ 32. Kxd2 Nc4+ 33. Bxc4 Rxc4 34. Kd3 Bxb4 35. Rhc1 Rxc1 36. Rxc1 Be7 37. Rh1 Kc7 38. f4 Bb4 39. Rg1 Be7 40. f5 gxf5 41. Rg7 Bxh4 42. Rxf7+ Kc6 43. Rh7 Bxf2 44. Rxh5 Be1 45. Rh7 Bb4 46. Ke3 Ba3 47. Kf3 Bb4 48. Kg3 Bc3 49. Re7 Bxd4 50. Rxe6+ Kc5 51. Kf4 Bb2 52. Kxf5 b5 53. axb5 Kxb5 54. Rd6 Kc4 55. e6 Ba3 56. e7 Bxd6 57. e8=Q Bc5 58. Qd7 b5 59. Qe6 b4 60. Qe2+ Kc3 61. Qd1 d4 62. Ke4 b3 63. Qc1+ Kb4 64. Kd3 Bb6 65. Qb2 Bc5 66. Qb1 Bb6 67. Qa1 Bc5 68. Qa6 b2 69. Kc2 d3+ 70. Qxd3 1-0


[Site "https://www.chess.com"]

[Event "Titled Tuesday Blitz July 25 Early 2023"]
[White "Mindhunter08"]
[Black "Hambleton, Aman"]
[BlackFideId "2606577"]
[WhiteElo "2528"]
[BlackElo "2801"]
[Result "0-1"]
[Round "3"]
[TimeControl "180+2"]
[Date "2023.07.25"]
[WhiteClock "0:00:10"]
[BlackClock "0:00:08"]
[Board "48"]

1. e4 b6 2. d4 Bb7 3. Bd3 e6 4. Nf3 d5 5. e5 Ba6 6. Bxa6 Nxa6 7. c4 Nb4 8. a3 Nc6 9. Qa4 Ne7 10. Nc3 Qd7 11. O-O dxc4 12. Qxc4 Na5 13. Qa2 Nd5 14. Ne4 h6 15. Bd2 Nc6 16. Rfd1 Be7 17. Rac1 Bd8 18. Qc4 Nce7 19. b4 a6 20. Ne1 Qb5 21. Qb3 Qe2 22. Ng3 Qg4 23. Nc2 O-O 24. h3 Qg6 25. Qf3 Rb8 26. Nf1 Nf5 27. Nce3 Nxd4 28. Qg4 Qxg4 29. Nxg4 Ne2+ 30. Kh2 Nxc1 31. Rxc1 Be7 32. Nge3 Nxe3 33. Nxe3 c5 34. Nc4 cxb4 35. axb4 Rfc8 36. Be3 b5 37. Na5 Rxc1 38. Bxc1 Bxb4 39. Nc6 Rc8 40. Nxb4 Rxc1 41. Nxa6 Rc4 42. g3 b4 43. f4 b3 44. Kg2 b2 45. Kf3 b1=Q 46. Ke3 Qe4+ 0-1


[Site "https://www.chess.com"]

[Event "Titled Tuesday Blitz July 25 Early 2023"]
[White "Nagy, Gabor"]
[Black "only_strong_moves"]
[WhiteFideId "737119"]
[WhiteElo "2795"]
[BlackElo "2520"]
[Result "1-0"]
[Round "3"]
[TimeControl "180+2"]
[Date "2023.07.25"]
[WhiteClock "0:01:02"]
[BlackClock "0:00:01"]
[Board "49"]

1. d4 d5 2. Nc3 Nf6 3. Bf4 c5 4. e3 a6 5. Nf3 cxd4 6. exd4 Bg4 7. h3 Bxf3 8. Qxf3 Nc6 9. O-O-O e6 10. g4 Bb4 11. g5 Bxc3 12. Qxc3 Ne4 13. Qe3 Rc8 14. Kb1 Nd6 15. c3 b5 16. h4 b4 17. c4 Nf5 18. Qe1 Ncxd4 19. Bd3 O-O 20. Be5 Nf3 21. Qe2 Nxe5 22. Qxe5 Ne7 23. cxd5 Nxd5 24. h5 Qa5 25. Rhe1 Rc5 26. Qd4 Rb8 27. Ka1 Nc3 28. bxc3 b3 29. Re2 Rd5 30. Qc4 Rc5 31. Qe4 Qxc3+ 32. Rb2 bxa2 33. Qxh7+ Kf8 34. Qh8+ Ke7 35. Qxb8 Rc7 36. Bc4 Qxc4 37. Qd8# 1-0


[Site "https://www.chess.com"]

[Event "Titled Tuesday Blitz July 25 Early 2023"]
[White "Elsa167"]
[Black "LangesNasenhaar"]
[WhiteElo "2791"]
[BlackElo "2490"]
[Result "1/2-1/2"]
[Round "3"]
[TimeControl "180+2"]
[Date "2023.07.25"]
[WhiteClock "0:00:06"]
[BlackClock "0:00:06"]
[Board "50"]

1. d4 g6 2. c4 Bg7 3. e4 d6 4. Nc3 e5 5. dxe5 dxe5 6. Qxd8+ Kxd8 7. f4 exf4 8. Bxf4 Bxc3+ 9. bxc3 c6 10. O-O-O+ Ke8 11. Nf3 Bg4 12. c5 Nd7 13. Bd6 Ngf6 14. e5 Ne4 15. Rd4 Bxf3 16. gxf3 Nexc5 17. Bh3 Ne6 18. Bxe6 fxe6 19. Rhd1 Nb6 20. c4 Rd8 21. Kc2 Nc8 22. c5 Ne7 23. Rb4 Rd7 24. Rdb1 Kf7 25. Rxb7 Rhd8 26. Rxd7 Rxd7 27. Rb8 Nf5 28. Kd3 Kg7 29. a4 Nh4 30. a5 Rf7 31. a6 Rxf3+ 32. Ke2 Ra3 33. Rb7+ Kh6 34. Rxa7 Nf5 35. Kd2 Nd4 36. Kc1 g5 37. h3 Kg6 38. Bf8 h5 39. Rg7+ Kf5 40. Be7 g4 41. Rg5+ Kf4 42. Rxh5 g3 43. Rh7 g2 44. Rg7 Ra1+ 45. Kb2 Rxa6 46. Rxg2 Nf5 47. Bd6 Ra8 48. Rg6 Re8 49. Kc3 Ke4 50. Kb4 Kd5 51. Rg1 Rh8 52. Rd1+ Ke4 53. Re1+ Kd5 54. Rd1+ Ke4 55. Ka4 Rxh3 56. Ka5 Rh4 57. Kb6 Nd4 58. Re1+ Kd5 59. Rd1 Rh3 60. Kc7 Rb3 61. Rh1 Re3 62. Rh6 Nb5+ 63. Kd7 Nd4 64. Rh1 Ra3 65. Rd1 Ra7+ 66. Bc7 Ra8 67. Bd6 Ra4 68. Ke7 Ra7+ 69. Kf6 Ra4 70. Bf8 Ra3 71. Bh6 Rf3+ 72. Ke7 Kxc5 73. Kd7 Kd5 74. Bf8 c5 75. Rc1 c4 76. Bb4 Rd3 77. Bc3 Kxe5 78. Kc7 Kd5 79. Kb6 e5 80. Bb4 e4 81. Rh1 e3 82. Rh5+ Ke4 83. Rh4+ Kf3 84. Rh3+ Kg2 85. Rh8 Rb3 86. Kc5 Nc2 87. Ba5 c3 88. Kc4 Ra3 89. Bxc3 e2 90. Rg8+ Kf3 91. Rf8+ Kg3 92. Rg8+ Kf4 93. Rf8+ Kg5 94. Rg8+ Kh5 95. Re8 Rxc3+ 96. Kxc3 e1=Q+ 97. Rxe1 Nxe1 1/2-1/2


[Site "https://www.chess.com"]

[Event "Titled Tuesday Blitz July 25 Early 2023"]
[White "Sankalan Shah"]
[Black "qx4z"]
[WhiteFideId "25600362"]
[WhiteElo "2218"]
[BlackElo "2790"]
[Result "0-1"]
[Round "3"]
[TimeControl "180+2"]
[Date "2023.07.25"]
[WhiteClock "0:00:09"]
[BlackClock "0:00:39"]
[Board "51"]

1. d4 Nf6 2. c4 g6 3. Nc3 d5 4. Nf3 Bg7 5. Qb3 dxc4 6. Qxc4 O-O 7. e4 Nc6 8. Be3 Bg4 9. Be2 Bxf3 10. gxf3 e5 11. d5 Nd4 12. Bxd4 exd4 13. Qxd4 c6 14. Rd1 Qa5 15. b4 Qa3 16. e5 Nxd5 17. Nxd5 cxd5 18. f4 Rfd8 19. Rd2 Bf8 20. O-O Bxb4 21. Rc2 b6 22. Rb1 Bc5 23. Qd3 Qa4 24. Qb5 Qxf4 25. Rb3 Qxf2+ 0-1


[Site "https://www.chess.com"]

[Event "Titled Tuesday Blitz July 25 Early 2023"]
[White "Tsaruk, Maksim"]
[Black "Luxama, Jacques Muller"]
[WhiteFideId "13511173"]
[BlackFideId "11900113"]
[WhiteElo "2790"]
[BlackElo "2193"]
[Result "1-0"]
[Round "3"]
[TimeControl "180+2"]
[Date "2023.07.25"]
[WhiteClock "0:00:18"]
[BlackClock "0:00:42"]
[Board "52"]

1. e4 e6 2. d4 d5 3. Nd2 dxe4 4. Nxe4 Nd7 5. Nf3 Ngf6 6. Nxf6+ Nxf6 7. c3 Be7 8. Bd3 O-O 9. Bf4 c5 10. dxc5 Bxc5 11. Qe2 Nd5 12. Bg3 Qb6 13. O-O Bd6 14. Rad1 Bxg3 15. hxg3 Nf6 16. Ne5 Rd8 17. g4 h6 18. Rd2 Bd7 19. Rfd1 Ba4 20. b3 Be8 21. c4 Rac8 22. Kh1 Kf8 23. f4 Rd4 24. g3 Rcd8 25. Bc2 Rxd2 26. Rxd2 Rxd2 27. Qxd2 Bc6+ 28. Kh2 Ke7 29. b4 Be8 30. g5 hxg5 31. fxg5 Nd7 32. c5 Qc7 33. Nc4 Ne5 34. Qd6+ Qxd6 35. cxd6+ Kd7 36. Nxe5+ Kxd6 37. Nf3 f6 38. gxf6 gxf6 39. Bb3 Bc6 40. Kg2 e5 41. Kf2 b6 42. Ke3 a5 43. a3 axb4 44. axb4 Bd5 45. Bc2 Bc6 46. Nd2 Bd5 47. Ne4+ Ke6 48. Nc3 Bc4 49. g4 Ke7 50. Bf5 Kd6 51. Ne4+ Ke7 52. Kd2 Bd5 53. Kc3 Be6 54. Bxe6 Kxe6 55. Kc4 f5 56. gxf5+ Kxf5 57. Nc3 e4 58. Kd4 e3 59. Kxe3 Ke5 60. Kd3 Kd6 61. Kc4 Kc6 62. b5+ Kd6 63. Kd4 Ke6 64. Nd5 Kd6 65. Nxb6 Kc7 66. Nc4 Kb7 67. Kc5 Kc7 68. b6+ Kb7 69. Kb5 Kb8 70. Kc6 Kc8 71. Ne5 Kb8 72. Nd7+ Kc8 73. b7+ Kd8 74. b8=Q+ Ke7 75. Qf8+ Ke6 76. Qf6# 1-0


[Site "https://www.chess.com"]

[Event "Titled Tuesday Blitz July 25 Early 2023"]
[White "Sagita, Catur Adi"]
[Black "Giri, Anish"]
[WhiteFideId "7104618"]
[BlackFideId "24116068"]
[WhiteElo "2648"]
[BlackElo "3055"]
[Result "0-1"]
[Round "3"]
[TimeControl "180+2"]
[Date "2023.07.25"]
[WhiteClock "0:00:18"]
[BlackClock "0:00:23"]
[Board "53"]

1. d4 Nf6 2. Nf3 e6 3. g3 b5 4. Bg2 Bb7 5. O-O Be7 6. b3 O-O 7. c4 a6 8. Bb2 d6 9. Nbd2 Nbd7 10. Qc2 bxc4 11. Nxc4 a5 12. Bc3 Be4 13. Qb2 a4 14. bxa4 Rxa4 15. Nfd2 Bxg2 16. Kxg2 Qa8+ 17. Kg1 Nd5 18. Qc2 Rb8 19. e4 Nxc3 20. Qxc3 c5 21. Rab1 Rxa2 22. dxc5 Nxc5 23. Qd4 Rd8 24. Nb6 Qa6 25. Ndc4 h6 26. Rfd1 Re2 27. h4 Rxe4 28. Qc3 Re2 29. Qf3 Ra2 30. Ne3 d5 31. Nbxd5 exd5 32. Nxd5 Bf8 33. Nf6+ Qxf6 34. Qxf6 Rxd1+ 0-1


[Site "https://www.chess.com"]

[Event "Titled Tuesday Blitz July 25 Early 2023"]
[White "Kramnik, Vladimir"]
[Black "Goryachkina, Aleksandra"]
[WhiteFideId "4101588"]
[BlackFideId "4147103"]
[WhiteElo "2982"]
[BlackElo "2643"]
[Result "1-0"]
[Round "3"]
[TimeControl "180+2"]
[Date "2023.07.25"]
[WhiteClock "0:00:23"]
[BlackClock "0:00:02"]
[Board "54"]

1. d4 Nf6 2. Nf3 d5 3. e3 Bf5 4. c4 c6 5. Nc3 e6 6. Nh4 Bg6 7. Nxg6 hxg6 8. a3 Nbd7 9. h3 Be7 10. cxd5 exd5 11. Bd3 Nf8 12. Bd2 Ne6 13. O-O Qd7 14. f4 O-O 15. g4 c5 16. g5 Nh5 17. Qg4 Rad8 18. Ne2 cxd4 19. exd4 Rfe8 20. f5 Nf8 21. fxg6 fxg6 22. Rf3 Bd6 23. Raf1 Qxg4+ 24. hxg4 Rxe2 25. Bxe2 Ng3 26. Re1 Ne4 27. Bc1 Ne6 28. Bd3 Nxd4 29. Rfe3 Bc5 30. Kg2 Ne6 31. Rxe4 dxe4 32. Bc4 Rd6 33. Rxe4 Kf7 34. Bf4 Rc6 35. Bd5 Rb6 36. b4 Bf8 37. Bc7 Ra6 38. b5 1-0


[Site "https://www.chess.com"]